 Dungeon Crawl Stone Soup version 0.31.0-10-gcf4a605ca0 (webtiles) character file.

Game seed: 7077386229359496136

14551553 magipi the Demon Slayer (level 27, 179/179 HPs)
             Began as a Gargoyle Berserker on Jan 21, 2024.
             Was a High Priest of the Shining One.
             Escaped with the Orb
             ... and 15 runes on Jan 25, 2024!
             The game lasted 07:10:13 (108291 turns).

magipi the Demon Slayer (Gargoyle Berserker)      Turns: 108291, Time: 07:10:14

Health: 179/179    AC: 73    Str: 23    XL:     27
Magic:  40/40      EV: 22    Int:  7    God:    the Shining One [*****.]
Gold:   10354      SH: 23    Dex: 17    Spells: 43/46 levels left

rFire   + + +        a - +9 trishula (holy)
rCold   + + .        C - +1 tower shield {AC+3}
rNeg    + + +        M - +8 gold dragon scales
rPois   ∞            (helmet restricted)
rElec   +            n - +2 cloak {Will+}
rCorr   +            A - +3 pair of gauntlets of War {Slay+5}
SInv    .            f - +3 pair of mountain boots {steadfast, rC+}
Will    +++..        r - amulet of faith Stlth
                     o - ring "Ygonnan" {Wiz +Blink rF++ rCorr Str-3}
HPRegen 0.49/turn    v - +5 ring of evasion
MPRegen 0.27/turn

%: faith, wizardry (x1)
@: flying, glowing, studying Axes
A: sickness immunity, AC +20, big wings, negative energy resistance 1,
electricity resistance, torment resistance 1, petrification resistance, horns 1,
dopey 1, frail 1, sense surroundings 1, wild magic 1, MP-powered wands,
persistent drain
0: Orb of Zot
}: 15/15 runes: serpentine, barnacled, slimy, silver, golden, iron, obsidian,
icy, bone, abyssal, demonic, glowing, magical, fiery, dark
a: Renounce Religion, Evoke Blink, Divine Shield, Cleansing Flame, Summon Divine
Warrior


You escaped.
You worshipped the Shining One.
The Shining One was extremely pleased with you.
You visited 18 branches of the dungeon, and saw 88 of its levels.
You visited Pandemonium 3 times, and saw 18 of its levels.
You visited the Abyss 2 times.
You visited 1 bazaar.
You also visited: Sewer, Ice Cave and Desolation.

You collected 14037 gold pieces.
You spent 3683 gold pieces at shops.

Inventory:

Hand Weapons
 a - a +9 trishula of holy wrath (weapon)
 b - a +9 broad axe of electrocution
Missiles
 p - 18 curare-tipped darts
 F - 10 javelins
 K - 10 boomerangs (quivered)
 P - 11 silver javelins
Armour
 f - the +3 pair of mountain boots (worn) {steadfast, rC+}
   (You acquired it on level 2 of the Depths)

   Steadfast: It prevents involuntary movement, except for blinking,
   teleportation, or banishment.
   rC+:       It protects you from cold.
 n - a +2 cloak of willpower (worn)
 A - the +3 pair of gauntlets of War (worn) {Slay+5}
   (You acquired it on level 4 of the Vaults)

   Slay+5:    It affects your accuracy & damage with ranged weapons and melee
   (+5).
 C - a +1 tower shield of protection (worn)
 G - a +1 helmet
 M - +8 gold dragon scales (worn)
Jewellery
 c - the ring "Bafaadd" {rC++ Int+6 Stlth-}
   (You found it on level 5 of the Pits of Slime)

   [ring of intelligence]

   Int+6:     It affects your intelligence (+6).
   rC++:      It greatly protects you from cold.
   Stlth-:    It makes you less stealthy.
 i - the ring of Relativism {Fly Will+ SInv}
   (You took it off a vault sentinel on level 5 of the Vaults)

   [ring of flight]

   Will+:     It increases your willpower.
   SInv:      It lets you see invisible.
   Fly:       It grants you flight.
 m - the ring of Woppodwi {rPois rF+ rN+ Will+ AC+4}
   (You took it off a skeletal warrior on level 3 of the Crypt)

   [ring of protection]

   AC+4:      It affects your AC (+4).
   rF+:       It protects you from fire.
   rPois:     It protects you from poison rN+: It protects you from negative
   energy.
   Will+:     It increases your willpower.
 o - the ring "Ygonnan" (left hand) {Wiz +Blink rF++ rCorr Str-3}
   (You bought it in a shop on level 2 of the Orcish Mines)

   [ring of wizardry]

   Wiz:       It improves your spell success rate.
   Str-3:     It affects your strength (-3).
   rF++:      It greatly protects you from fire.
   +Blink:    It lets you blink.
   rCorr:     It protects you from acid and corrosion.
 r - an amulet of faith (around neck)
 v - a +5 ring of evasion (right hand)
Wands
 d - a wand of digging (9)
 s - a wand of roots (54)
 D - a wand of light (3)
 H - a wand of charming (88)
 Y - a wand of polymorph (29)
Scrolls
 g - 2 scrolls of summoning
 h - 5 scrolls of fear
 E - 11 scrolls of vulnerability
 O - 4 scrolls of teleportation
 Q - 5 scrolls of silence
 R - 3 scrolls of noise
 T - 5 scrolls of fog
 V - 2 scrolls of revelation
 X - 4 scrolls of immolation
Potions
 e - 4 potions of attraction
 k - 3 potions of heal wounds
 l - 2 potions of haste
 q - 12 potions of curing
 t - 12 potions of enlightenment
 u - 4 potions of ambrosia
 y - 11 potions of lignification
 z - 6 potions of magic
 B - 2 potions of might
 J - 7 potions of resistance
 L - 3 potions of cancellation
 N - 9 potions of mutation
Miscellaneous
 j - a phial of floods
 w - a condenser vane
 I - a sack of spiders
 U - a phantom mirror
 W - a lightning rod (4/4)
 Z - a figurine of a ziggurat


   Skills:
 O Level 27 Fighting
 * Level 16.4 Polearms
 - Level 16.0 Throwing
 O Level 27 Armour
 O Level 27 Dodging
 - Level 21.0 Shields
 - Level 10.0 Spellcasting
 + Level 12.8 Translocations
 O Level 27 Invocations
 + Level 20.4 Evocations


You had 43 spell levels left.
You knew the following spells:

 Your Spells              Type           Power      Damage    Failure   Level
a - Apportation           Tloc           54%        N/A       1%          1
b - Blink                 Tloc           54%        N/A       1%          2

Your spell library contained the following spells:

 Spells                   Type           Power      Damage    Failure   Level
 Lesser Beckoning         Tloc           54%        N/A       1%          2
 Gell's Gravitas          Tloc           27%        N/A       2%          3
 Teleport Other           Tloc           27%        N/A       2%          3
 Manifold Assault         Tloc           27%        N/A       6%          4
 Passage of Golubria      Tloc           27%        N/A       6%          4
 Momentum Strike          Conj/Tloc      32%        3d8       13%         2
 Volatile Blastmotes      Fire/Tloc      32%        2d12      24%         3
 Dimensional Bullseye     Hex/Tloc       8%         N/A       56%         4
 Iskenderun's Mystic Bla  Conj/Tloc      16%        2d5       56%         4
 Vhi's Electric Charge    Tloc/Air       32%        N/A       56%         4
 Dispersal                Tloc           13%        N/A       58%         6
 Foxfire                  Conj/Fire      16%        2x1d4     67%         1
 Kiss of Death            Conj/Necr      16%        2d6       67%         1
 Magic Dart               Conj           16%        1d3       67%         1
 Necrotise                Necr           16%        1d4       67%         1
 Sandblast                Erth           8%         2d5       67%         1
 Shock                    Conj/Air       16%        1d4       67%         1
 Slow                     Hex            16%        N/A       67%         1
 Sting                    Conj/Alch      16%        1d4       67%         1
 Summon Small Mammal      Summ           16%        N/A       67%         1
 Call Imp                 Summ           8%         N/A       80%         2
 Jinxbite                 Hex            8%         N/A       80%         2
 Mercury Vapours          Alch/Air       8%         N/A       80%         2
 Searing Ray              Conj           8%         2d4       80%         2
 Static Discharge         Conj/Air       8%         3-4/arc   80%         2
 Summon Forest            Summ/Tloc      8%         N/A       87%         5
 Call Canine Familiar     Summ           4%         N/A       95%         3
 Confusing Touch          Hex            4%         N/A       95%         3
 Dazzling Flash           Conj/Hex       8%         N/A       95%         3
 Frozen Ramparts          Ice            8%         1d2       95%         3
 Fugue of the Fallen      Necr           4%         N/A       95%         3
 Hailstorm                Conj/Ice       4%         3d5       95%         3
 Inner Flame              Hex/Fire       4%         N/A       95%         3
 Mephitic Cloud           Conj/Alch/Air  4%         N/A       95%         3
 Ozocubu's Armour         Ice            4%         N/A       95%         3
 Passwall                 Erth           4%         N/A       95%         3
 Sigil of Binding         Hex            4%         N/A       95%         3
 Stone Arrow              Conj/Erth      8%         3d7       95%         3
 Summon Ice Beast         Ice/Summ       4%         N/A       95%         3
 Swiftness                Air            4%         N/A       95%         3
 Tukima's Dance           Hex            4%         N/A       95%         3
 Vampiric Draining        Necr           4%         2d6       95%         3
 Airstrike                Air            2%         2d(1-17)  100%        4
 Anguish                  Hex/Necr       2%         N/A       100%        4
 Animate Armour           Summ/Erth      8%         N/A       100%        4
 Animate Dead             Necr           4%         N/A       100%        4
 Brom's Barrelling Bould  Conj/Erth      4%         2d3       100%        4
 Cause Fear               Hex            2%         N/A       100%        4
 Dispel Undead            Necr           4%         3d7       100%        4
 Fulminant Prism          Conj/Alch      2%         3d5       100%        4
 Ignite Poison            Fire/Alch      4%         N/A       100%        4
 Leda's Liquefaction      Alch/Erth      2%         N/A       100%        4
 Martyr's Knell           Necr/Summ      4%         N/A       100%        4
 Olgreb's Toxic Radiance  Alch           4%         N/A       100%        4
 Petrify                  Alch/Erth      4%         N/A       100%        4
 Sticky Flame             Fire/Alch      4%         2d4       100%        4
 Summon Blazeheart Golem  Fire/Summ      4%         N/A       100%        4
 Summon Lightning Spire   Summ/Air       4%         N/A       100%        4
 Alistair's Intoxication  Alch           2%         N/A       100%        5
 Arcjolt                  Conj/Air       2%         1d12      100%        5
 Borgnjor's Vile Clutch   Necr/Erth      2%         N/A       100%        5
 Curse of Agony           Necr           4%         N/A       100%        5
 Freezing Cloud           Conj/Ice/Air   2%         6-21      100%        5
 Irradiate                Conj/Alch      2%         3d12      100%        5
 Lee's Rapid Deconstruct  Erth           2%         3d4*      100%        5
 Metabolic Englaciation   Hex/Ice        2%         N/A       100%        5
 Silence                  Hex/Air        2%         N/A       100%        5
 Summon Mana Viper        Hex/Summ       4%         N/A       100%        5
 Yara's Violent Unravell  Hex/Alch       2%         3d3       100%        5
 Bombard                  Conj/Erth      2%         9d1       100%        6
 Conjure Ball Lightning   Conj/Air       2%         3x3d6     100%        6
 Death Channel            Necr           2%         N/A       100%        6
 Eringya's Noxious Bog    Alch           2%         4d6       100%        6
 Plasma Beam              Fire/Air       2%         2x1d12    100%        6
 Sculpt Simulacrum        Ice/Alch       2%         N/A       100%        6
 Starburst                Conj/Fire      2%         6d3       100%        6
 Enfeeble                 Hex            2%         N/A       100%        7
 Haunt                    Necr/Summ      2%         N/A       100%        7
 Malign Gateway           Summ/Tloc      8%         N/A       100%        7
 Monstrous Menagerie      Summ           2%         N/A       100%        7
 Ozocubu's Refrigeration  Ice            2%         4d7       100%        7
 Summon Hydra             Summ           2%         N/A       100%        7
 Borgnjor's Revivificati  Necr           2%         N/A       100%        8
 Discord                  Hex            2%         N/A       100%        8
 Disjunction              Tloc           13%        N/A       100%        8
 Ignition                 Fire           2%         3d3       100%        8
 Infestation              Necr           2%         N/A       100%        8
 Lehudib's Crystal Spear  Conj/Erth      2%         10d2      100%        8
 Maxwell's Capacitive Co  Air            2%         ∞         100%        8
 Summon Horrible Things   Summ           2%         N/A       100%        8
 Death's Door             Necr           2%         N/A       100%        9
 Polar Vortex             Ice            2%         N/A       100%        9
 Shatter                  Erth           2%         3d6*      100%        9
 Cigotuvi's Dreadful Rot  Necr/Alch/Air  Unusable   N/A       N/A         2
 Sublimation of Blood     Necr           Unusable   N/A       N/A         2

Dungeon Overview and Level Annotations

Branches:
Dungeon (15/15)            Temple (1/1) D:4            Lair (5/5) D:9
 Shoals (4/4) Lair:3        Snake (4/4) Lair:2        Slime (5/5) Lair:5
    Orc (2/2) D:11            Elf (3/3) Orc:2        Vaults (5/5) D:13
  Crypt (3/3) Vaults:2       Tomb (3/3) Crypt:3      Depths (4/4) D:15
   Hell (visited)             Dis (7/7) Hell            Geh (7/7) Hell
    Coc (7/7) Hell            Tar (7/7) Hell            Zot (5/5) Depths:4
  Sewer (visited)           IceCv (visited)         Desolation (visited)

Altars:
Ashenzari
Cheibriados
Dithmenos
Elyvilon
Fedhas
Gozag
Hepliaklqana
Kikubaaqudgha
Makhleb
Nemelex Xobeh
Okawaru
Qazlal
Ru
Sif Muna
Trog
Uskayaw
Vehumet
Wu Jian
Xom
Yredelemnul
Zin
The Shining One
Jiyva

Shops:
D:4 (   D:10 ?=?(   Orc:2 (*[=   Elf:2 *   Elf:3 [   Snake:1 =:=   Depths:3 *

Portals:
Hell: Depths:1 Depths:2 Depths:3 Depths:4
Abyss: Depths:2 Depths:3
Pandemonium: Depths:2
Ziggurat: Depths:1
Trove: D:14 (give +2 gold dragon scales)

Annotations:
Shoals:1 1 runed translucent door, archon2's ghost, adept DEFE
Elf:2 1 exclusion
Vaults:3 exclusion: obsidian statue
Depths:1 exclusions: 2 shining eyes and 3 more exclusions
Tar:2 15 runed translucent doors
Zot:3 exclusion: downstairs


Innate Abilities, Weirdness & Mutations

You are immune to sickness and miasma.
Your stone body is resilient. (AC +20)
You are immune to poison.
Your large and strong wings let you fly.
You resist negative energy. (rN+)
You are resistant to electric shocks. (rElec)
You are resistant to unholy torment.
You are immune to petrification.
You have a pair of small horns on your head.
You are dopey. (Int -2)
You are frail. (-10% HP)
You passively map a small area around you.
Your spells are a little harder to cast, but a little more powerful.
You expend magic power (3 MP) to strengthen your wands.
Your health recovers twice as slowly from being drained.


Message History

There is a stone staircase leading down here.
There is a stone staircase leading up here.
You fly upwards.
There is a stone staircase leading down here.
Items here: )) [[.
There is a stone staircase leading up here.
You fly upwards.
There is a stone staircase leading down here.
A chaos spawn comes into view.
There is a stone staircase leading up here.
You fly upwards.
A ynoxinul comes into view.
There is a stone staircase leading down here.
The ynoxinul gestures.
There is a stone staircase leading up here.
The ynoxinul gestures.
You fly upwards.
There is a stone staircase leading down here.
What level of the Dungeon? (default 1, ? - help)
There is an entrance to Josish's Antique Weapon Shop here.
You see here a +0 spear.
There is a stone staircase leading up here.
You fly upwards.
There is a stone staircase leading down here.
You see here a +0 dagger.
There is a stone staircase leading up here.
You fly upwards.
There is a stone staircase leading down here.
There is a stone staircase leading up here.
You fly upwards.
There is a stone staircase leading down here.
A reaper comes into view.
It is wielding a +2 scythe of protection.
Unknown command.
There is a large open door here.
There is a staircase leading out of the dungeon here.
Unknown command.
Unknown command.
Unknown command.
Unknown command.
You have escaped!

..# #.#.......## ##.#...#
#... #.#.#.##.....##
####.## #...
#.#.#.###...## #.# ##.#
......# ##+############.#
#.# #.##### #
#~~~≈≈§§§~~#.# #)#
#.########.#~8~~≈≈§~8~#.#
.#
...........#~~8~~~~8~~#
....#####...≈~~####~~≈#
......##....≈≈~#@.#~≈≈#.
....#.###..§≈≈~#..#~≈≈..
....#......§§~~#''#~~≈##
#.#.# ###..#~~8~~~~8~~#
###.# #..#~8~~≈≈~~8~#
#.#####...~2~≈≈≈≈~~~#
#..[..............###
########.##.......# ##
#######.########## ##.


You could see a reaper.

Vanquished Creatures
  Cerebov (Pan)
  the Royal Jelly (Slime:5)
  Asmodeus (Geh:7)
  Gloorx Vloq (Pan)
  Mnoleg (Pan)
  2 dread liches
  Tiamat (Zot:2)
  5 ancient liches
  4 orbs of fire
  30 royal mummies
  Boris (Depths:2)
  Josephina (Zot:1)
  14 shard shrikes
  Saint Roka (Vaults:1)
  8 Killer Klowns (Zot:5)
  A curse toe (Zot:3)
  Geryon (Hell)
  28 caustic shrikes
  10 golden dragons
  14 bone dragons
  15 profane servitors
  4 doom hounds (Hell)
  8 Brimstone Fiends
  4 electric golems
  14 hellephants
  2 iron giants
  18 tentacled monstrosities
  15 Tzitzimimeh
  19 Ice Fiends
  Jorgrun (D:15)
  5 spectral shard shrikes
  8 liches
  17 Hell Sentinels
  Asterion (Depths:1)
  28 Orb Guardians
  A walking earthen tome (Depths:2)
  A walking frostbound tome (Depths:2)
  9 quicksilver dragons
  3 deep elf master archers (Elf:3)
  The ghost of krest9999 the Slayer, an adept MiHu of Okawaru (Snake:4)
  12 searing wretches
  14 tainted leviathans
  11 sphinxes
  2 pandemonium lords (Pan)
  32 titans
  22 acid blobs
  An eldritch tentacle (Abyss:3)
  4 tentacled starspawn
  8 tengu reavers
  Agnes (D:14)
  15 Executioners (Pan)
  6 death cobs
  30 ancient champions
  8 storm dragons
  Polyphemus (Shoals:3)
  Aizul (Vaults:1)
  7 rockslimes (Slime:5)
  Donald (Orc:2)
  7 shadow dragons
  5 draconian knights
  5 nagarajas
  12 azure jellies
  14 narguns
  3 fenstrider witches (Pan)
  10 protean progenitors
  3 revenants
  9 quicksilver elementals
  8 deep elf sorcerers
  31 frost giants
  An imperial myrmidon (Desolation)
  7 demonspawn warmongers (Pan)
  5 draconian monks
  A ghost moth (Zot:5)
  25 fire giants
  6 draconian shifters
  The ghost of Bunnuime the Ruinous, an adept DECj of Sif Muna (Snake:3)
  8 draconian scorchers
  6 iron dragons
  2 juggernaut zombies
  3 caustic shrike zombies
  13 vault wardens
  6 deep elf elementalists (Elf:3)
  2 spectral juggernauts
  3 curse skulls
  4 shard shrike simulacra
  3 orc warlords
  28 balrugs
  6 spectral caustic shrikes
  12 draconian annihilators
  16 reapers
  9 cacodemons
  4 ghouls (Crypt:2)
  The ghost of Yjeari the Unseen, a journeyman GrMo of Gozag (Lair:3)
  A spriggan defender (Depths:3)
  An angel (Pan)
  A broodmother (Pan)
  13 ironbound preservers
  5 draconian stormcallers
  17 quicksilver oozes
  2 demonspawn corrupters (Pan)
  2 caustic shrike skeletons (Pan)
  3 demonspawn blood saints (Pan)
  A formless jellyfish (Vaults:3)
  8 vampire knights
  27 stone giants
  10 green draconians
  22 very ugly things
  Nessos (D:14)
  16 elemental wellsprings
  6 ironbound thunderhulks
  The ghost of krest9999 the Brawler, a journeyman DrSh of Nemelex Xobeh (Orc:2)
  9 deep elf annihilators
  A juggernaut skeleton (Pan)
  4 lorocyprocas
  17 putrid mouths
  9 deep elf demonologists
  2 demonspawn black suns (Pan)
  6 black draconians
  Azrael (Elf:2)
  7 purple draconians
  8 deep elf death magi
  7 spark wasps
  9 white draconians
  4 bunyips
  17 yellow draconians
  12 wendigos
  7 bennus
  23 war gargoyles
  7 red draconians
  8 merfolk impalers
  3 spectral quicksilver dragons
  12 green deaths
  10 eidola
  4 merfolk javelineers
  2 ragged hierophants
  3 fire dragons (Depths:3)
  6 crystal guardians
  13 iron golems
  19 blizzard demons
  20 mummy priests
  23 ettins
  7 spectral spriggans
  2 entropy weavers
  A spectral golden dragon (Tar:3)
  5 jiangshi (Crypt:2)
  A spectral kraken (Tar:7)
  6 deep elf high priests (Elf:3)
  8 great orbs of eyes
  9 yaktaur captains
  41 vault guards
  A spriggan zombie (Crypt:3)
  4 hydras
  A spectral shadow dragon (Tar:1)
  8 caustic shrike simulacra
  7 peacekeepers
  A spectral fenstrider witch (Tar:1)
  6 hell beasts
  A quicksilver dragon skeleton (Crypt:2)
  Erolcha (D:12)
  3 fenstrider witch zombies
  3 servants of whispers (Desolation)
  8 ice dragons
  9 rakshasas
  14 salamander tyrants
  A catoblepas (Shoals:3)
  13 ironbound frosthearts
  2 jorogumos (Zot:1)
  2 spriggan air magi
  A fenstrider witch skeleton (Crypt:3)
  6 juggernaut simulacra
  4 merfolk avatars
  4 alligator snapping turtles
  A sphinx skeleton (Crypt:1)
  4 spriggan skeletons
  4 ogre magi
  7 stokers
  A boulder beetle (D:13)
  8 centaur warriors
  2 death knights (Crypt:1)
  22 dancing weapons
  8 merfolk aquamancers
  3 demonic crawlers
  7 deep troll shamans
  18 anacondas
  36 two-headed ogres
  4 tengu warriors
  12 naga warriors
  2 spectral stone giants
  37 death scarabs
  5 death yaks
  29 hell hogs
  2 spectral dire elephants
  5 vampire magi
  24 hell knights
  A bennu skeleton (Crypt:2)
  A satyr (Shoals:4)
  15 naga sharpshooters
  6 orc high priests
  5 spriggan berserkers
  15 deep troll earth magi
  8 shock serpents
  Urug (Lair:2)
  4 occultists
  35 sun demons
  10 deep elf knights
  Sonja (Orc:2)
  7 crystal echidnas
  A fire crab (shapeshifter) (Elf:1)
  A shadow wraith (Crypt:2)
  6 hellephant skeletons (Pan)
  16 iron trolls
  A titan skeleton (Depths:1)
  42 skeletal warriors
  A skyshark (shapeshifter) (Vaults:5)
  A storm dragon skeleton (Crypt:3)
  2 salamander mystics (Geh:3)
  5 wretched stars
  9 soul eaters
  A golden dragon zombie (Crypt:3)
  64 deep trolls
  8 glowing orange brains
  12 large abominations
  8 skysharks
  6 quicksilver dragon simulacra
  3 flayed ghosts
  11 sea snakes
  A spatial maelstrom (Abyss:2)
  10 naga ritualists
  2 anaconda zombies
  4 spectral anacondas
  10 sixfirhies (Pan)
  2 spectral iron dragons
  An obsidian statue (Zot:5)
  A shadow demon (Pan)
  A spectral alligator (Tar:1)
  8 arcanists
  15 ironbound convokers
  10 orc knights
  8 mana vipers
  4 deep elf archers
  A kraken simulacrum (Hell)
  Pikel (D:5)
  A steelbarb worm (shapeshifter) (Depths:1)
  2 spriggan druids (Elf:1)
  18 harpies
  18 phantasmal warriors
  5 sun moths (Pan)
  A fenstrider witch simulacrum (Coc:1)
  2 anaconda skeletons
  14 deep elf zephyrmancers
  6 oklob plants
  23 deep elf pyromancers
  18 necromancers
  A fire giant zombie (Depths:1)
  An alligator zombie (Hell)
  A shadow dragon skeleton (Crypt:3)
  A wolf spider (D:14)
  9 manticores
  46 ugly things
  4 lindwurms (Vaults:2)
  6 fauns (Shoals:1)
  7 orc sorcerers
  A shining eye (shapeshifter) (Elf:1)
  24 cyclopes
  4 shining eyes
  A stone giant zombie (Tomb:1)
  A spectral ettin (Tar:1)
  32 moths of wrath
  Maurice (Orc:2)
  A salamander (shapeshifter) (Abyss:2)
  8 salamanders
  37 black mambas
  An iron dragon skeleton (Hell)
  10 elephants
  3 worldbinders
  3 merfolk sirens
  A frost giant skeleton (Crypt:2)
  4 ice statues
  A water nymph (shapeshifter) (Vaults:4)
  9 molten gargoyles
  18 vault sentinels
  3 centaur zombies
  43 smoke demons
  2 eyes of devastation
  2 torpor snails
  An alligator snapping turtle zombie (Hell)
  8 water nymphs
  A gargoyle (D:10)
  5 guardian serpents
  13 orange demons
  20 cane toads
  6 rust devils
  A death yak zombie (Crypt:1)
  12 naga magi
  A naga skeleton (Crypt:3)
  5 spectral swamp worms (Tar:7)
  11 rime drakes
  14 hellions
  2 titan simulacra
  Maggie (D:7)
  2 dire elephant skeletons
  An unseen horror (Abyss:2)
  7 efreet
  6 komodo dragons
  An alligator snapping turtle skeleton (Crypt:2)
  A sea snake zombie (Hell)
  A green draconian zombie (Crypt:2)
  3 kobold demonologists
  3 anaconda simulacra
  5 centaur skeletons
  4 spectral nagas
  9 freezing wraiths
  16 yaktaurs
  A bunyip simulacrum (Coc:2)
  4 iron giant simulacra
  5 red devils
  10 tormentors
  An ice devil (Hell)
  20 hellwings (Pan)
  2 sea snake skeletons
  5 spectral harpies
  Psyche (D:12)
  14 trolls
  2 hydra zombies
  46 guardian mummies
  15 merfolk
  9 polar bears
  5 tengu conjurers
  28 wind drakes
  A silent spectre (Tar:1)
  3 tarantellas
  3 hornets
  A shadow dragon simulacrum (Coc:1)
  24 blink frogs
  An iron dragon simulacrum (Coc:6)
  15 saltlings (Desolation)
  A raiju (shapeshifter) (D:14)
  3 hydra skeletons
  3 tyrant leeches (Lair:5)
  6 glass eyes
  3 harpy skeletons
  Prince Ribbit (D:7)
  An ettin zombie (Tomb:3)
  11 dream sheep
  7 raiju
  A fire dragon zombie (Crypt:3)
  2 centaur simulacra
  2 spectral black mambas (Tar:1)
  62 slime creatures
  A draconian simulacrum (Zot:1)
  2 spriggans (Depths:3)
  4 vampires
  18 air elementals
  11 snapping turtles
  39 water elementals
  An ice dragon skeleton (Tomb:1)
  A naga simulacrum (Coc:1)
  4 dire elephant simulacra
  3 wraiths (Crypt:1)
  3 ushabtiu (Tomb:1)
  2 basilisks
  4 wyverns
  2 fire elementals (Elf:2)
  8 ynoxinuls
  63 yaks
  3 starcursed masses (Abyss:3)
  A redback (Vaults:2)
  An alligator snapping turtle simulacrum (Coc:2)
  13 golden eyes
  2 humans
  Grum (D:11)
  3 neqoxecs
  14 vampire mosquitoes
  5 steam dragons
  9 wargs
  Edmund (D:5)
  13 harpy simulacra
  39 nagas
  6 chaos spawn
  A hydra simulacrum (Coc:2)
  3 acid dragons
  5 hell hounds
  2 swamp worms (shapeshifter)
  12 water moccasins
  Duvessa (D:5)
  2 faun skeletons (Crypt:2)
  A glowing shapeshifter skeleton (Depths:1)
  2 sky beasts
  A moth of wrath simulacrum (Zot:1)
  32 ogres
  2 ettin simulacra
  34 laughing skulls
  26 orc warriors
  10 black bears
  19 wolves
  4 boggarts (Vaults:4)
  The ghost of dvdksn the Sneak, an amateur DsBr (D:3)
  5 centaurs
  3 lemures (D:4)
  2 phantoms
  8 kobold brigands
  A weeping skull (Abyss:3)
  Blork the orc (D:5)
  5 brain worms
  3 gnoll sergeants
  2 earth elementals
  17 bullfrogs
  3 necrophages (Crypt:3)
  2 scorpions
  2 small abominations (Abyss:2)
  8 wights
  Dowan (D:5)
  8 killer bees
  2 electric eels (Lair:5)
  6 howler monkeys
  5 crimson imps
  3 quasits
  4 hounds
  3 bombardier beetles
  19 orc priests
  A gnoll bouda (D:10)
  26 jellies
  2 iron imps
  2 sleepcaps (D:7)
  A human skeleton (Crypt:2)
  5 iguanas
  23 orc wizards
  A scorpion zombie (Crypt:1)
  19 hell rats (Hell)
  An ogre skeleton (Crypt:1)
  39 mummies
  Robin (D:3)
  13 gnolls
  12 adders
  2 river rats (Sewer)
  A swamp drake zombie (Crypt:1)
  7 shadow imps
  18 white imps
  13 ufetubi
  2 dart slugs
  2 ribbon worms
  67 orcs
  A bat (D:2)
  2 endoplasms
  5 giant cockroaches
  7 goblins (D:3)
  5 hobgoblins
  3 jackals
  2 quokkas
  6 ball pythons
  A ball python zombie (Crypt:2)
  5 frilled lizards
  25 kobolds
  12 rats
  A rat zombie (Crypt:1)
  A ball lightning (Pan)
  2 fire vortices (Geh:6)
  2 starspawn tentacles (Abyss:2)
  2 tentacles (Hell)
3733 creatures vanquished.

Vanquished Creatures (collateral kills)
  Antaeus (Coc:7)
  Ereshkigal (Tar:7)
  the Serpent of Hell (Coc:7)
  Dispater (Dis:7)
  Frederick (Crypt:1)
  Mennas (Pan)
  A juggernaut (Depths:3)
  5 royal mummies (Tomb:3)
  Boris (Vaults:1)
  Vashnia (Snake:4)
  5 caustic shrikes
  A pandemonium lord (Pan)
  5 profane servitors
  A Tzitzimitl (Tar:7)
  2 Brimstone Fiends (Geh:7)
  3 Hell Sentinels
  A tentacled monstrosity (Pan)
  A tainted leviathan (Tar:7)
  An Ice Fiend (Coc:7)
  A titan (Coc:7)
  An Executioner (Pan)
  A deep elf blademaster (Elf:3)
  3 ancient champions
  2 storm dragons
  3 protean progenitors (Pan)
  A frost giant (Zot:4)
  A nargun (Coc:7)
  2 quicksilver elementals (Dis:7)
  A deep elf sorcerer (Elf:3)
  2 spectral caustic shrikes (Tar:2)
  A deep elf elementalist (Elf:3)
  A vault warden (Vaults:4)
  Louise (Elf:3)
  A draconian shifter (Zot:2)
  A reaper (Pan)
  3 demonspawn corrupters (Pan)
  3 cacodemons (Pan)
  A draconian stormcaller (Zot:5)
  A draconian annihilator (Zot:2)
  2 very ugly things (Pan)
  A putrid mouth (Tar:7)
  A bennu (Tomb:3)
  3 war gargoyles (Dis:7)
  7 iron golems (Dis:7)
  A red draconian (Zot:2)
  3 wendigos (Coc:7)
  2 merfolk impalers (Shoals:3)
  2 blizzard demons (Pan)
  A green death (Pan)
  A great orb of eyes (Vaults:1)
  A spectral fenstrider witch (Tar:2)
  An entropy weaver (Vaults:4)
  4 mummy priests (Tomb:3)
  A vault guard (Vaults:4)
  An ice dragon (Depths:3)
  A spriggan skeleton (Tomb:3)
  A jorogumo (Pan)
  An ogre mage (Vaults:4)
  29 death scarabs (Tomb:3)
  2 death yaks (IceCv)
  2 crystal echidnas (Dis:7)
  A sixfirhy (Pan)
  2 sun demons (Pan)
  2 iron trolls (Zot:4)
  A deep troll (Zot:4)
  An arcanist (Vaults:4)
  6 shadow demons (Pan)
  A deep elf archer (Elf:3)
  An orc knight (Orc:2)
  2 ugly things (Pan)
  A faun (Pan)
  A spectral centaur (Tar:2)
  2 kobold blastminers (Orc:2)
  A moth of wrath (Zot:2)
  A guardian serpent (Snake:4)
  A naga mage (Snake:4)
  A hellion (Geh:7)
  2 orange demons (Pan)
  A large abomination (Pan)
  A naga skeleton (Tomb:3)
  2 yaktaurs (Vaults:4)
  2 tormentors
  4 guardian mummies (Tomb:3)
  A hellwing (Pan)
  A harpy skeleton (Tomb:3)
  4 yaks (IceCv)
  An ushabti (Tomb:3)
  A yak (shapeshifter) (D:14)
  5 neqoxecs (Pan)
  A warg (Orc:2)
  A harpy simulacrum (Coc:7)
  2 chaos spawn (Pan)
  An orc warrior (Orc:2)
  An ogre (Orc:2)
  3 brain worms (Pan)
  An orc priest (Orc:2)
  An orc wizard (Orc:2)
  3 mummies (Tomb:3)
  3 orcs
  4 aspiring fleshes (Pan)
204 creatures vanquished.

Vanquished Creatures (others)
  A hellephant (Geh:6)
  An Ice Fiend (Coc:6)
  A titan (Pan)
  2 eldritch tentacles
  A fire giant (Geh:3)
  A vault warden (Vaults:5)
  A frost giant (Coc:3)
  A shard shrike simulacrum (Coc:6)
  A draconian stormcaller (Zot:3)
  A deep elf annihilator (Elf:3)
  A blizzard demon (Pan)
  A caustic shrike simulacrum (Coc:3)
  3 juggernaut simulacra
  A jorogumo (Pan)
  A merfolk aquamancer (Shoals:4)
  2 deep elf knights (Elf:2)
  An orc knight (Vaults:5)
  A deep elf pyromancer (Elf:1)
  An ugly thing (Vaults:1)
  A deep elf zephyrmancer (Elf:2)
  A vault sentinel (Vaults:1)
  A titan simulacrum (Coc:6)
  4 smoke demons (Pan)
  An unseen horror (D:13)
  A tengu conjurer (D:15)
  An iron giant simulacrum (Coc:7)
  A golden dragon simulacrum (Zot:1)
  3 hellwings (Pan)
  A wind drake (Pan)
  A stone giant simulacrum (Coc:1)
  An iron dragon simulacrum (Coc:7)
  2 dire elephant simulacra
  3 harpy simulacra
  An ettin simulacrum (Coc:3)
  A jelly (Zot:3)
  A hell rat (Hell)
  36 ball lightnings (Pan)
  A creeping inferno (Geh:3)
  2 fire vortices
  8 starspawn tentacles
  5 tentacles (Hell)
100 creatures vanquished.

Grand Total: 4037 creatures vanquished

Notes
Turn   | Place    | Note
-------+----------+-------------------------------------------
     0 | D:1      | magipi the Gargoyle Berserker began the quest for the Orb.
     0 | D:1      | Reached XP level 1. HP: 14/14 MP: 1/1
   471 | D:1      | Reached XP level 2. HP: 19/19 MP: 2/2
   710 | D:2      | Found a burning altar of Makhleb.
   725 | D:2      | Reached XP level 3. HP: 23/23 MP: 3/3
   986 | D:2      | Found a faded altar of an unknown god.
   998 | D:2      | Reached ** piety under Trog
  1201 | D:3      | Reached XP level 4. HP: 28/28 MP: 4/4
  1236 | D:3      | Found a glowing drain.
  1247 | Sewer    | Entered a sewer
  1329 | Sewer    | Noticed a kobold brigand
  1381 | Sewer    | Killed a kobold brigand
  1382 | Sewer    | Reached skill level 5 in Polearms
  1382 | Sewer    | Reached XP level 5. HP: 15/32 MP: 5/5
  1487 | Sewer    | Found a white marble altar of Elyvilon.
  1769 | D:3      | Reached XP level 6. HP: 36/37 MP: 6/6
  2021 | D:3      | Found a large runed translucent door.
  2021 | D:3      | Found a large runed translucent door.
  2023 | D:3      | Noticed dvdksn's ghost (amateur DsBr)
  2067 | D:4      | Found Josish's Antique Weapon Shop.
  2074 | D:4      | Bought a trident for 105 gold pieces
  2238 | D:3      | Noticed Robin
  2255 | D:3      | Killed Robin
  2258 | D:3      | Reached *** piety under Trog
  2576 | D:4      | Found a staircase to the Ecumenical Temple.
  2582 | Temple   | Entered the Ecumenical Temple
  3270 | D:5      | Entered Level 5 of the Dungeon
  3289 | D:5      | Reached XP level 7. HP: 28/41 MP: 7/7
  3384 | D:5      | Identified 2 scrolls of acquirement
  3384 | D:5      | Acquired 702 gold pieces
  3388 | D:5      | Acquired a manual of Throwing
  3598 | D:5      | Reached skill level 1 in Throwing
  3618 | D:5      | Noticed Blork the orc
  4159 | D:5      | Noticed Dowan
  4160 | D:5      | Noticed Duvessa
  4194 | D:5      | Killed Dowan
  4353 | D:5      | Killed Duvessa
  4354 | D:5      | Reached XP level 8. HP: 46/46 MP: 8/8
  4413 | D:5      | Noticed Edmund
  4436 | D:5      | Killed Edmund
  4488 | D:5      | Killed Blork the orc
  4547 | D:5      | Noticed Pikel
  4568 | D:5      | Killed Pikel
  4569 | D:5      | Reached skill level 5 in Throwing
  4569 | D:5      | Reached skill level 5 in Armour
  4569 | D:5      | Reached XP level 9. HP: 51/51 MP: 9/9
  5216 | D:6      | Reached **** piety under Trog
  5851 | D:7      | Reached skill level 10 in Polearms
  5907 | D:7      | Noticed Prince Ribbit
  5937 | D:7      | Killed Prince Ribbit
  5971 | D:7      | Reached skill level 1 in Evocations
  6050 | D:7      | Found a radiant altar of Vehumet.
  6063 | D:7      | Found a burning altar of Makhleb.
  6177 | D:7      | Got Enosish's Quotidian Hermetics
  6503 | D:7      | Noticed Maggie
  6515 | D:7      | Killed Maggie
  6516 | D:7      | Reached XP level 10. HP: 56/56 MP: 10/10
  7078 | D:8      | Found a hazy altar of Hepliaklqana.
  7228 | D:8      | Found a basalt altar of Yredelemnul.
  7277 | D:8      | Found a sparkling altar of Nemelex Xobeh.
  7828 | D:8      | Found a sacrificial altar of Ru.
  8025 | D:8      | Found a bloodstained altar of Trog.
  8122 | D:8      | Found an ancient bone altar of Kikubaaqudgha.
  8250 | D:9      | Noticed a cyclops
  8273 | D:9      | Killed a cyclops
  8351 | D:9      | Reached XP level 11. HP: 56/60 MP: 11/11
  8671 | D:9      | Found a staircase to the Lair.
  8862 | D:9      | Reached skill level 10 in Throwing
  8901 | D:9      | Reached skill level 5 in Evocations
  9354 | D:10     | Entered Level 10 of the Dungeon
  9398 | D:10     | Found Bybiogim's Magic Scroll Boutique.
  9401 | D:10     | Bought a scroll of summoning for 114 gold pieces
  9401 | D:10     | Bought a scroll of torment for 114 gold pieces
  9401 | D:10     | Bought a scroll of identify for 24 gold pieces
  9403 | D:10     | Bought a scroll of identify for 24 gold pieces
  9403 | D:10     | Bought a scroll of identify for 24 gold pieces
  9403 | D:10     | Bought a scroll of blinking for 90 gold pieces
  9403 | D:10     | Bought a scroll of teleportation for 36 gold pieces
  9546 | D:10     | Noticed a two-headed ogre
  9584 | D:10     | Killed a two-headed ogre
  9912 | D:10     | Noticed an occultist
  9933 | D:10     | Killed an occultist
  9967 | D:10     | Identified the ring of Hyafi Tot {rC+ rN+}
  9986 | D:10     | Noticed a two-headed ogre
  9993 | D:10     | Noticed a cyan ugly thing
 10024 | D:10     | Killed a cyan ugly thing
 10025 | D:10     | Killed a two-headed ogre
 10394 | D:10     | Noticed a two-headed ogre
 10405 | D:10     | Killed a two-headed ogre
 10406 | D:10     | Reached skill level 10 in Armour
 10422 | D:10     | Reached XP level 12. HP: 64/64 MP: 12/12
 10470 | D:10     | Found Saeplomo's Weapon Boutique.
 10478 | D:10     | Bought 4 boomerangs for 136 gold pieces
 10478 | D:10     | Found Xamer's Magic Scroll Emporium.
 10486 | D:10     | Bought a scroll of teleportation for 36 gold pieces
 10750 | D:10     | Found Wilath's Jewellery Boutique.
 10753 | D:10     | Bought the ring of the Present {rPois SInv Stlth+} for 348
                  | gold pieces
 11079 | D:11     | Noticed Grum
 11160 | D:10     | Reached ***** piety under Trog
 11389 | D:11     | Noticed a soul eater
 11731 | D:10     | Received a gift from Trog
 11795 | D:11     | Killed Grum
 11888 | D:11     | Found a staircase to the Orcish Mines.
 12081 | D:11     | Identified the +0 ring mail of Loss {Harm rC- Str+4 Stlth+}
 12256 | D:11     | Reached skill level 1 in Shields
 12864 | D:11     | Reached skill level 5 in Fighting
 13509 | D:12     | Noticed Psyche
 13516 | D:12     | Killed Psyche
 13998 | Lair:1   | Entered Level 1 of the Lair of Beasts
 14064 | Lair:1   | Noticed a skyshark
 14085 | Lair:1   | Killed a skyshark
 14341 | Lair:1   | Reached XP level 13. HP: 73/74 MP: 13/13
 14887 | Lair:2   | Found a staircase to the Snake Pit.
 14929 | Lair:2   | Noticed Urug
 14954 | Lair:2   | Killed Urug
 14973 | Lair:2   | Reached skill level 5 in Shields
 15831 | Lair:3   | Found a staircase to the Shoals.
 16103 | Lair:3   | Received a gift from Trog
 16120 | Lair:3   | Found a frozen archway.
 16143 | IceCv    | Entered an ice cave
 16760 | IceCv    | Gained mutation: Your large and strong wings let you fly.
                  | [Gargoyle growth]
 16760 | IceCv    | Reached XP level 14. HP: 76/82 MP: 14/14
 16801 | IceCv    | Noticed a frost giant
 16824 | IceCv    | Killed a frost giant
 17155 | Lair:3   | Reached skill level 10 in Evocations
 17306 | Lair:3   | Noticed Yjeari's ghost (journeyman GrMo)
 17309 | Lair:3   | Found a runed translucent door.
 17478 | Lair:4   | Reached skill level 5 in Dodging
 18123 | Lair:5   | Entered Level 5 of the Lair of Beasts
 18350 | Lair:5   | Reached ****** piety under Trog
 18843 | Lair:5   | Received a gift from Trog
 19573 | Lair:5   | Reached XP level 15. HP: 87/90 MP: 15/15
 19831 | Orc:1    | Entered Level 1 of the Orcish Mines
 19858 | D:11     | Reached skill level 10 in Shields
 19915 | Orc:1    | Noticed an orc warlord
 19952 | D:11     | Killed an orc warlord
 19952 | D:11     | Received a gift from Trog
 20220 | Orc:2    | Entered Level 2 of the Orcish Mines
 20347 | Orc:2    | Found a transporter.
 20349 | Orc:2    | Found a transporter.
 20349 | Orc:2    | Noticed krest9999's ghost (journeyman DrSh)
 20381 | Orc:2    | Found a staircase to the Elven Halls.
 20384 | Orc:2    | Noticed Sonja
 20393 | Orc:2    | Killed Sonja
 20699 | Orc:2    | Reached skill level 10 in Fighting
 20700 | Orc:2    | Noticed an orc warlord
 21027 | Orc:2    | Killed an orc warlord
 21119 | Orc:2    | Noticed Maurice
 21137 | Orc:2    | Killed Maurice
 21466 | Orc:2    | Noticed Donald
 21486 | Orc:2    | Killed Donald
 21786 | Orc:2    | Received a gift from Trog
 21846 | Orc:2    | Found Xedifamp's General Store.
 21851 | Orc:2    | Found Ceggocun's Antique Weapon Shoppe.
 21855 | Orc:2    | Found Nupp's Antique Armour Shoppe.
 21859 | Orc:2    | Found Itzy's Jewellery Shoppe.
 21930 | Orc:2    | Bought a potion of resistance for 130 gold pieces
 21930 | Orc:2    | Bought 3 scrolls of teleportation for 117 gold pieces
 21930 | Orc:2    | Bought a scroll of revelation for 97 gold pieces
 22100 | D:13     | Noticed Erolcha
 22114 | D:12     | Killed Erolcha
 22520 | D:13     | Found a gate to the Vaults.
 23355 | D:14     | Noticed Nessos
 23615 | D:14     | Killed Nessos
 23805 | D:14     | Found a portal to a secret trove of treasure.
 23934 | D:14     | Reached skill level 10 in Dodging
 24277 | D:14     | Noticed Agnes
 24292 | D:14     | Killed Agnes
 24293 | D:14     | Reached XP level 16. HP: 56/97 MP: 16/16
 24454 | D:15     | Entered Level 15 of the Dungeon
 24518 | D:15     | Found a shimmering altar of Xom.
 24639 | D:15     | Noticed Jorgrun
 24822 | D:15     | Killed Jorgrun
 25084 | D:15     | Found a sacrificial altar of Ru.
 25798 | D:15     | Received a gift from Trog
 25854 | D:15     | Found a staircase to the Depths.
 26034 | Snake:1  | Entered Level 1 of the Snake Pit
 27461 | Snake:1  | Reached XP level 17. HP: 104/104 MP: 17/17
 27657 | Snake:1  | Found Nezxegho's Jewellery Boutique.
 27659 | Snake:1  | Found Wyxtatoj's Book Shoppe.
 27660 | Snake:1  | Found Lufuasun's Jewellery Boutique.
 28245 | Snake:2  | Received a gift from Trog
 29187 | Snake:3  | Found a runed translucent gate.
 29188 | Snake:3  | Found a runed translucent gate.
 29188 | Snake:3  | Found a runed translucent gate.
 29326 | Snake:3  | Found a flickering gateway to a bazaar.
 29338 | Bazaar   | Entered a bazaar
 29338 | Bazaar   | Found Dugeip's Antique Weapon Shop.
 29356 | Bazaar   | Found Maudgh's General Store.
 29376 | Bazaar   | Found Uklyav's Antique Armour Shop.
 29384 | Bazaar   | Bought a distressingly furry ring mail for 162 gold pieces
 29384 | Bazaar   | Identified the +0 ring mail of the Cuttlefish {rF+ rCorr
                  | Str-5 Int+4} (You bought it in a shop in a bazaar)
 29406 | Bazaar   | Bought a potion of haste for 80 gold pieces
 29406 | Bazaar   | Bought a wand of flame (6) for 33 gold pieces
 29406 | Bazaar   | Bought a scroll of fear for 32 gold pieces
 30053 | Snake:4  | Entered Level 4 of the Snake Pit
 30313 | Snake:4  | Found a transporter.
 30317 | Snake:4  | Noticed krest9999's ghost (adept MiHu)
 30520 | Snake:4  | Received a gift from Trog
 30837 | Snake:4  | Noticed Vashnia
 30851 | Snake:4  | Killed Vashnia
 30966 | Snake:4  | Reached XP level 18. HP: 108/112 MP: 18/18
 31232 | Snake:4  | Received a gift from Trog
 31239 | Snake:4  | Got a serpentine rune of Zot
 31599 | Snake:4  | Found a transporter.
 31782 | Shoals:1 | Entered Level 1 of the Shoals
 32167 | Shoals:1 | Identified the +3 mace "Ethriw" {drain, rElec rF++ Str+3}
 32260 | Shoals:1 | Received a gift from Trog
 32367 | Shoals:1 | Found a runed translucent door.
 32368 | Shoals:1 | Found a shimmering altar of Xom.
 32368 | Shoals:1 | Noticed archon2's ghost (adept DEFE)
 33225 | Shoals:3 | Received a gift from Trog
 33526 | Shoals:3 | Noticed Polyphemus
 33573 | Shoals:3 | Killed Polyphemus
 33789 | Shoals:3 | Identified the +0 chain mail "Vosit" {rElec}
 33884 | Shoals:4 | Entered Level 4 of the Shoals
 33947 | Shoals:4 | Paralysed by an air elemental for 1 turns
 33957 | Shoals:4 | Paralysed by an air elemental for 1 turns
 34028 | Shoals:4 | Paralysed by an air elemental for 1 turns
 34034 | Shoals:4 | Paralysed by an air elemental for 1 turns
 34039 | Shoals:4 | Paralysed by an air elemental for 1 turns
 34042 | Shoals:4 | Paralysed by an air elemental for 1 turns
 34047 | Shoals:3 | Paralysed by an air elemental for 1 turns
 34121 | Shoals:4 | Paralysed by an air elemental for 1 turns
 34125 | Shoals:3 | Paralysed by an air elemental for 1 turns
 34179 | Shoals:4 | Paralysed by an air elemental for 1 turns
 34656 | Shoals:4 | Reached skill level 15 in Shields
 34852 | Shoals:4 | Paralysed by an air elemental for 1 turns
 34855 | Shoals:4 | Paralysed by an air elemental for 1 turns
 34861 | Shoals:4 | Paralysed by an air elemental for 1 turns
 34867 | Shoals:4 | Received a gift from Trog
 34992 | Shoals:4 | Reached XP level 19. HP: 92/117 MP: 19/19
 35083 | Shoals:4 | Paralysed by an air elemental for 1 turns
 35090 | Shoals:4 | Paralysed by an air elemental for 1 turns
 35415 | Shoals:4 | Paralysed by an air elemental for 1 turns
 35487 | Shoals:4 | Paralysed by an air elemental for 1 turns
 35600 | Shoals:4 | Paralysed by an air elemental for 1 turns
 35994 | Shoals:4 | Paralysed by an air elemental for 1 turns
 36022 | Shoals:4 | Paralysed by an air elemental for 1 turns
 36036 | Shoals:4 | Received a gift from Trog
 36143 | Shoals:4 | Found the +2 pair of slick slippers {slick, slippery, EV+4}
 36164 | Shoals:4 | Got a barnacled rune of Zot
 36533 | Elf:1    | Entered Level 1 of the Elven Halls
 36863 | Elf:1    | Paralysed by an air elemental for 1 turns
 37132 | Elf:1    | Paralysed by an air elemental for 1 turns
 37158 | Elf:1    | Received a gift from Trog
 37399 | Elf:1    | Gained mutation: You expend magic power (3 MP) to
                  | strengthen your wands. [a shining eye]
 37401 | Elf:1    | Lost mutation: You expend magic power (3 MP) to strengthen
                  | your wands. [a shining eye]
 37658 | Elf:1    | Reached skill level 15 in Evocations
 37875 | Elf:2    | Noticed Azrael
 37936 | Elf:2    | HP: 1/120 [Azrael/damnation (20)]
 37942 | Elf:2    | Killed Azrael
 38559 | Elf:2    | Found Atits's Assorted Antiques.
 38567 | Elf:2    | Bought a wand of roots (2) for 134 gold pieces
 38691 | Elf:3    | Entered Level 3 of the Elven Halls
 38748 | Elf:3    | Received a gift from Trog
 38814 | Elf:3    | Found Fufuyq's Armour Boutique.
 39192 | Elf:3    | Paralysed by an air elemental for 1 turns
 39481 | Elf:3    | Reached XP level 20. HP: 127/127 MP: 20/20
 39531 | Elf:3    | Noticed Louise
 39582 | Elf:3    | Killed Louise
 39821 | Elf:3    | Received a gift from Trog
 40156 | Elf:3    | Identified the amulet "Angimy" {Acrobat rPois}
 40751 | Elf:3    | Noticed a Brimstone Fiend
 40757 | Elf:3    | Identified the +6 double sword of the Leaping Gods {drain,
                  | rElec MP+9}
 40954 | Elf:3    | Reached skill level 15 in Throwing
 41192 | Elf:3    | Identified the +6 quarterstaff of the Hierophant {speed,
                  | rElec Str+3}
 41235 | Elf:3    | Got The Lost Chronicle of the Archmage
 41242 | Elf:3    | Identified the +1 chain mail of Neptian {rN+ MP+9 Slay+3}
 41673 | Elf:3    | Got the Catalogue of Phantasmal Amathomancy
 41675 | Elf:3    | Got the Directory of the Amorphous Jinx
 41950 | Vaults:1 | Entered Level 1 of the Vaults
 42075 | Vaults:1 | Noticed Boris
 42096 | Vaults:1 | Killed Boris
 42220 | Vaults:1 | Reached skill level 15 in Fighting
 42244 | Vaults:1 | Identified the serpent talisman of Disaster {*Corrode rElec
                  | Int+3}
 42244 | Vaults:1 | Noticed Aizul
 42274 | Vaults:1 | Killed Aizul
 42380 | Vaults:1 | Received a gift from Trog
 42784 | Vaults:1 | Noticed Saint Roka
 42833 | Vaults:1 | Killed Saint Roka
 42834 | Vaults:1 | Reached XP level 21. HP: 58/139 MP: 21/21
 43195 | Vaults:1 | Identified the +0 scale mail of Weirdness {rC- Str+3
                  | Slay+2}
 43480 | Vaults:2 | Received a gift from Trog
 43963 | Vaults:2 | Identified the amulet "Qibabletum" {Spirit rF++ Regen+
                  | Str+4 Int-3}
 44361 | Vaults:2 | You are sucked into a shaft and drop 1 floor!
 44380 | Vaults:3 | Reached skill level 15 in Armour
 44533 | Vaults:3 | Found a crumbling gateway.
 44561 | Desolati | Entered the Desolation of Salt
 44576 | Desolati | Received a gift from Trog
 45801 | Vaults:2 | Found a staircase to the Crypt.
 46205 | Vaults:3 | Received a gift from Trog
 47087 | Vaults:4 | Reached XP level 22. HP: 148/149 MP: 22/22
 47682 | Vaults:4 | Acquired the +3 pair of gauntlets of War {Slay+5}
 47682 | Vaults:4 | Found the +3 pair of gauntlets of War {Slay+5}
 47756 | Vaults:4 | Received a gift from Trog
 48064 | Vaults:4 | Identified the +4 leather armour "Orucimm" {rC++ Str+3
                  | Int-5 SInv}
 48782 | Depths:1 | Entered Level 1 of the Depths
 48830 | Depths:1 | Noticed Asterion
 48840 | Depths:1 | Killed Asterion
 49449 | Depths:1 | Found a one-way gateway to a ziggurat.
 49882 | Depths:1 | Found a gateway to Hell.
 49980 | Depths:1 | Upgraded the game from 0.31.0-4-g52a2dc7128 to
                  | 0.31.0-7-gf635a9b802
 50154 | Depths:2 | Received a gift from Trog
 50577 | Depths:2 | Found a one-way gate to the infinite horrors of the Abyss.
 50628 | Depths:2 | Identified the +2 dagger of Corpus Delicti {antimagic,
                  | +Blink Str+2}
 50688 | Depths:2 | Noticed Boris
 50715 | Depths:2 | Killed Boris
 51515 | Depths:2 | Reached XP level 23. HP: 114/155 MP: 23/23
 51815 | Depths:2 | Noticed a golden dragon
 51839 | Depths:2 | Killed a golden dragon
 51847 | Depths:2 | Received a gift from Trog
 52718 | Elf:2    | Bought a scroll of enchant armour for 210 gold pieces
 52718 | Elf:2    | Bought a wand of charming (4) for 268 gold pieces
 53575 | Snake:1  | Bought a ring of resist corrosion for 220 gold pieces
 54144 | Depths:2 | Found a one-way gate leading to the halls of Pandemonium.
 54900 | Depths:3 | Noticed a golden dragon
 54908 | Depths:3 | Killed a golden dragon
 55071 | Depths:3 | Received a gift from Trog
 55392 | Depths:3 | Found Biamagh's General Store.
 55441 | Depths:3 | Reached skill level 15 in Dodging
 55798 | Depths:3 | Noticed a juggernaut
 56060 | Depths:3 | Received a gift from Trog
 56192 | Depths:3 | Noticed a golden dragon
 56203 | Depths:3 | Killed a golden dragon
 56410 | Depths:3 | Killed a juggernaut
 56558 | Depths:3 | Acquired a manual of Shields
 56830 | Orc:2    | Bought a glowing broad axe for 147 gold pieces
 57263 | D:10     | Bought a scroll of enchant weapon for 90 gold pieces
 57442 | Temple   | Fell from the grace of Trog
 57442 | Temple   | Became a worshipper of the Shining One
 57796 | Crypt:1  | Entered Level 1 of the Crypt
 58038 | Orc:2    | Bought the ring "Ygonnan" {Wiz +Blink rF++ rCorr Str-3} for
                  | 912 gold pieces
 58461 | Crypt:1  | Reached skill level 1 in Invocations
 58497 | Crypt:1  | Reached * piety under the Shining One
 58945 | Crypt:1  | Reached ** piety under the Shining One
 58968 | Crypt:1  | Reached XP level 24. HP: 121/159 MP: 25/25
 58985 | Crypt:1  | Reached *** piety under the Shining One
 59276 | Crypt:2  | Reached **** piety under the Shining One
 59410 | Crypt:2  | Reached ***** piety under the Shining One
 59417 | Crypt:2  | Identified the orb of Camaple {light, rElec rN+ Str+3}
 59417 | Crypt:2  | Noticed Frederick
 59444 | Crypt:2  | Reached skill level 5 in Invocations
 59581 | Crypt:2  | Reached ****** piety under the Shining One
 59994 | Crypt:1  | Killed Frederick
 60182 | Crypt:2  | Identified a +9 trishula of holy wrath (a +9 demon trident
                  | of freezing blessed by the Shining One)
 60182 | Crypt:2  | Received a gift from the Shining One
 60663 | Crypt:3  | Entered Level 3 of the Crypt
 61462 | Crypt:3  | Reached skill level 10 in Invocations
 61864 | Crypt:3  | Got Cigotuvi's Incunable of Gloom
 61865 | Crypt:3  | Identified the +4 sling "Eviscerator" {flame, Int+5 Dex+2}
 62305 | Crypt:3  | Identified the +5 orcbow of the Flying Pill Bug {antimagic,
                  | rPois rF++ rCorr Stlth-}
 62305 | Crypt:3  | Identified the +7 dagger "Qakkaax" {freeze, rElec rC- rN+
                  | Dex+6}
 62305 | Crypt:3  | Identified the ring of Woppodwi {rPois rF+ rN+ Will+ AC+4}
 62349 | Crypt:3  | Found a staircase to the Tomb.
 62381 | Crypt:3  | Found a basalt altar of Yredelemnul.
 62381 | Crypt:3  | Noticed an ancient lich
 62388 | Crypt:3  | Killed an ancient lich
 62890 | D:3      | Killed dvdksn's ghost
 63090 | Lair:3   | Killed Yjeari's ghost
 63307 | Snake:3  | Noticed Bunnuime's ghost (adept DECj)
 63317 | Snake:3  | Killed Bunnuime's ghost
 63453 | Snake:4  | Identified the +0 pair of boots of Autumn {rPois rC+++
                  | rCorr}
 63474 | Snake:4  | Killed krest9999's ghost
 63922 | Orc:2    | Killed krest9999's ghost
 63938 | Orc:2    | Identified the ring "Goamic" {rC+ Slay+2}
 64202 | Depths:4 | Entered Level 4 of the Depths
 64349 | Depths:4 | Paralysed by Trog for 2 turns
 64351 | Depths:4 | Reached XP level 25. HP: 79/165 MP: 31/31
 64682 | Depths:4 | Identified the +9 great sword "Wosuic" {antimagic, rElec
                  | Int+2}
 65372 | Depths:4 | Found a gate to the Realm of Zot.
 65982 | Vaults:5 | Entered Level 5 of the Vaults
 66047 | Vaults:4 | Paralysed by Trog for 5 turns
 66936 | Vaults:5 | Noticed an ancient lich
 66950 | Vaults:5 | Killed an ancient lich
 66951 | Vaults:5 | Reached skill level 15 in Invocations
 67021 | Vaults:5 | Got a silver rune of Zot
 67036 | Vaults:5 | Acquired a manual of Dodging
 67406 | Vaults:5 | Identified the ring of Relativism {Fly Will+ SInv}
 67504 | Vaults:5 | Identified the +2 robe of Ilomag {-Tele rPois MP+9 Dex-2}
 67909 | Vaults:5 | Identified the +12 quarterstaff of Vulaah {freeze, Str+3
                  | SInv}
 69290 | Lair:5   | Found a staircase to the Slime Pits.
 69321 | Slime:1  | Entered Level 1 of the Pits of Slime
 69327 | Slime:1  | Gained mutation: You are clumsy. (Dex -2) [a shining eye]
 69340 | Slime:1  | Reached XP level 26. HP: 162/172 MP: 36/36
 69668 | Slime:3  | Was forgiven by Trog
 69923 | Slime:4  | Gained mutation: You are very clumsy. (Dex -4) [a shining
                  | eye]
 70033 | Slime:5  | Entered Level 5 of the Pits of Slime
 70693 | Slime:5  | Noticed the Royal Jelly
 70699 | Slime:5  | Found a viscous altar of Jiyva.
 70855 | Slime:5  | Killed the Royal Jelly
 71182 | Slime:5  | Identified the +7 chain mail "Tonni" {Harm ^Drain rN+}
 71209 | Slime:5  | Got Sif Muna's Octavo of Battle Magic
 71222 | Slime:5  | Got a slimy rune of Zot
 71229 | Slime:5  | Identified the ring "Bafaadd" {rC++ Int+6 Stlth-}
 71273 | Slime:5  | Identified the staff of Zin's Wrath {rF+ Int+4 Fire}
 71282 | Slime:5  | Identified the staff of Upheaval {rPois rN+ rCorr Dex-2
                  | Necro}
 71844 | Zot:1    | Entered Level 1 of the Realm of Zot
 71890 | Zot:1    | Identified the ring of Canithre {Ice Fly Int+3}
 71890 | Zot:1    | Noticed Josephina
 71924 | Zot:1    | Killed Josephina
 72257 | Zot:1    | Noticed an orb of fire
 72979 | Zot:1    | Gained mutation: Your body sometimes deteriorates upon
                  | taking damage. [an orb of fire]
 72992 | Zot:1    | Gained mutation: Your body often deteriorates upon taking
                  | damage. [an orb of fire]
 72995 | Zot:1    | Killed an orb of fire
 73132 | Zot:1    | Gained mutation: You occasionally lose the ability to drink
                  | potions when taking damage. [mutagenic glow]
 73147 | Zot:1    | Gained mutation: You are dopey. (Int -2) [mutagenic glow]
 73377 | Zot:1    | Lost mutation: Your body often deteriorates upon taking
                  | damage. [potion of mutation]
 73377 | Zot:1    | Lost mutation: You occasionally lose the ability to drink
                  | potions when taking damage. [potion of mutation]
 73377 | Zot:1    | Gained mutation: Your spells are a little harder to cast,
                  | but a little more powerful. [potion of mutation]
 73377 | Zot:1    | Gained mutation: You possess an exceptional clarity of
                  | mind. [potion of mutation]
 75040 | Tomb:1   | Entered Level 1 of the Tomb of the Ancients
 75226 | Tomb:1   | Identified the +0 leather armour "Jeysmesch" {rCorr Dex+4}
 75506 | Tomb:1   | Noticed a royal mummy
 75528 | Tomb:1   | Killed a royal mummy
 75699 | Tomb:1   | Noticed a royal mummy
 75707 | Tomb:1   | Killed a royal mummy
 75767 | Tomb:1   | Reached XP level 27. HP: 176/176 MP: 37/37
 76173 | Tomb:1   | Upgraded the game from 0.31.0-7-gf635a9b802 to
                  | 0.31.0-9-g3a7656b989
 76719 | Pan      | Entered Pandemonium
 76767 | Pan      | Noticed Debeociate the pandemonium lord
 76776 | Pan      | Killed Debeociate the pandemonium lord
 76802 | Pan      | Got a demonic rune of Zot
 77001 | Pan      | Noticed Laduikh the pandemonium lord
 77017 | Pan      | Killed Laduikh the pandemonium lord
 77202 | Pan      | Noticed Mennas
 77232 | Pan      | Killed Mennas
 77263 | Depths:2 | Escaped Pandemonium
 77439 | Pan      | Entered Pandemonium
 77557 | Pan      | Found an exit through the horrors of the Abyss.
 77563 | Pan      | Took an exit into the Abyss.
 77563 | Abyss:1  | Escaped into the Abyss
 77563 | Abyss:1  | Found a corrupted altar of Lugonu.
 77590 | Abyss:2  | Found a corrupted altar of Lugonu.
 77783 | Abyss:2  | Gained mutation: You have hidden genetic defects. [a
                  | neqoxec]
 78000 | Abyss:3  | Found a corrupted altar of Lugonu.
 78205 | Abyss:3  | Found a corrupted altar of Lugonu.
 78226 | Abyss:3  | Got an abyssal rune of Zot
 78247 | Abyss:3  | Found a huge runed translucent gate.
 78247 | Abyss:3  | Found a huge runed translucent gate.
 78247 | Abyss:3  | Found a huge runed translucent gate.
 78247 | Abyss:3  | Found a huge runed translucent gate.
 78247 | Abyss:3  | Found a huge runed translucent gate.
 78247 | Abyss:3  | Found a huge runed translucent gate.
 78247 | Abyss:3  | Found a huge runed translucent gate.
 78247 | Abyss:3  | Found a huge runed translucent gate.
 78247 | Abyss:3  | Found a huge runed translucent gate.
 78247 | Abyss:3  | Found a huge runed translucent gate.
 78247 | Abyss:3  | Found a huge runed translucent gate.
 78247 | Abyss:3  | Found a huge runed translucent gate.
 78260 | Depths:2 | Escaped the Abyss
 78351 | Depths:2 | Acquired the +3 pair of mountain boots {steadfast, rC+}
 78351 | Depths:2 | Found the +3 pair of mountain boots {steadfast, rC+}
 78380 | Pan      | Entered the realm of Lom Lobon.
 78380 | Pan      | Entered Pandemonium
 78634 | Pan      | Gained mutation: Potions are less effective at restoring
                  | your health. [hidden defects]
 78900 | Pan      | Learned a level 1 spell: Apportation
 78938 | Pan      | Learned a level 2 spell: Blink
 78945 | Pan      | Noticed Lom Lobon
 79093 | Pan      | Reached skill level 1 in Translocations
 79096 | Pan      | Reached skill level 1 in Spellcasting
 79139 | Pan      | Gained mutation: You are frail. (-10% HP) [hidden defects]
 79139 | Pan      | Lost mutation: You have hidden genetic defects. [hidden
                  | defects expressed]
 79977 | Pan      | Got a magical rune of Zot
 80366 | Pan      | Reached skill level 5 in Translocations
 80372 | Pan      | Noticed Ypizoeke the pandemonium lord
 80382 | Pan      | Killed Ypizoeke the pandemonium lord
 80477 | Pan      | Found a transporter.
 80579 | Pan      | Entered the realm of Gloorx Vloq.
 80834 | Pan      | Reached skill level 5 in Spellcasting
 80962 | Pan      | Noticed Gloorx Vloq
 80976 | Pan      | Killed Gloorx Vloq
 80995 | Pan      | Got a dark rune of Zot
 81157 | Pan      | Entered the realm of Mnoleg.
 81170 | Pan      | Identified the +5 scale mail of the Thinker {Harm Dex+5
                  | Slay-5 Stlth+}
 81179 | Pan      | Gained mutation: Your body often deteriorates upon taking
                  | damage. [a cacodemon]
 81197 | Pan      | Gained mutation: You occasionally shout uncontrollably at
                  | your foes. [a cacodemon]
 81426 | Pan      | Noticed Mnoleg
 81452 | Pan      | Was placed under penance by the Shining One
 81460 | Pan      | Killed Mnoleg
 81461 | Pan      | Reached skill level 10 in Translocations
 81679 | Pan      | Got a glowing rune of Zot
 81722 | Pan      | Gained mutation: You occasionally lose the ability to read
                  | scrolls when taking damage. [a neqoxec]
 81745 | Pan      | Was forgiven by the Shining One
 81750 | Pan      | Gained mutation: You have hidden genetic defects. [a
                  | cacodemon]
 81934 | Pan      | Entered the realm of Cerebov.
 82087 | Pan      | Lost mutation: Your body often deteriorates upon taking
                  | damage. [potion of mutation]
 82087 | Pan      | Lost mutation: Your spells are a little harder to cast, but
                  | a little more powerful. [potion of mutation]
 82087 | Pan      | Lost mutation: You occasionally shout uncontrollably at
                  | your foes. [potion of mutation]
 82087 | Pan      | Lost mutation: Potions are less effective at restoring your
                  | health. [potion of mutation]
 82088 | Pan      | Lost mutation: Your body sometimes deteriorates upon taking
                  | damage. [potion of mutation]
 82088 | Pan      | Lost mutation: You possess an exceptional clarity of mind.
                  | [potion of mutation]
 82088 | Pan      | Lost mutation: You have hidden genetic defects. [potion of
                  | mutation]
 82088 | Pan      | Gained mutation: You are partially covered in large bone
                  | plates. (SH +4) [potion of mutation]
 82088 | Pan      | Gained mutation: You have a somewhat thin skeletal
                  | structure. (Dex +2, Stealth+) [potion of mutation]
 82088 | Pan      | Gained mutation: You expend magic power (3 MP) to
                  | strengthen your wands. [potion of mutation]
 82088 | Pan      | Lost mutation: You are very clumsy. (Dex -4) [potion of
                  | mutation]
 82089 | Pan      | Lost mutation: You have a somewhat thin skeletal structure.
                  | (Dex +2, Stealth+) [potion of mutation]
 82089 | Pan      | Lost mutation: You expend magic power (3 MP) to strengthen
                  | your wands. [potion of mutation]
 82089 | Pan      | Gained mutation: Your muscles are strong. (Str +4, Int/Dex
                  | -1) [potion of mutation]
 82089 | Pan      | Gained mutation: Your spells are a little harder to cast,
                  | but a little more powerful. [potion of mutation]
 82089 | Pan      | Gained mutation: You have very sharp teeth. [potion of
                  | mutation]
 82090 | Pan      | Lost mutation: You occasionally lose the ability to read
                  | scrolls when taking damage. [potion of mutation]
 82090 | Pan      | Lost mutation: You have very sharp teeth. [potion of
                  | mutation]
 82090 | Pan      | Gained mutation: You passively map a small area around you.
                  | [potion of mutation]
 82119 | Pan      | Identified the +11 mace of Valiance {drain, rN++ Int+5
                  | Stlth-}
 82173 | Pan      | Identified the +1 ring mail "Jeosukli" {Harm rF+ rC+++
                  | Dex-4}
 82206 | Pan      | Identified the +5 lajatang of the Baking Philosopher
                  | {flame, Fly rPois rN++ Dex-3}
 82252 | Pan      | Got the Annotations on Power
 82257 | Pan      | Got the Compendium of Arson and Arcane Weapons
 82260 | Pan      | Identified the staff of Elyvilon's Reproof {SInv Conj}
 82364 | Pan      | Found the +6 sword of Cerebov {flame}
 82364 | Pan      | Noticed Cerebov
 82607 | Pan      | Killed Cerebov
 82933 | Pan      | Got a fiery rune of Zot
 83100 | Pan      | Found an exit through the horrors of the Abyss.
 83109 | Pan      | Took an exit into the Abyss.
 83109 | Abyss:3  | Escaped into the Abyss
 83115 | Abyss:3  | Found a corrupted altar of Lugonu.
 83200 | Depths:2 | Escaped the Abyss
 83272 | Hell     | Entered the Vestibule of Hell
 83272 | Hell     | Noticed Geryon
 83287 | Hell     | Reached skill level 10 in Spellcasting
 83293 | Hell     | Killed Geryon
 83416 | Hell     | Found a gateway to the Iron City of Dis.
 83517 | Hell     | Found a gateway to the freezing wastes of Cocytus.
 83584 | Hell     | Found a gateway to the decaying netherworld of Tartarus.
 83646 | Hell     | Found a gateway to the ashen valley of Gehenna.
 84027 | Zot:2    | Found the +4 dragonskin cloak
 84027 | Zot:2    | Noticed Tiamat
 84759 | Zot:2    | Killed Tiamat
 84919 | Zot:2    | Identified the ring "Etoph" {rPois rF+}
 85239 | Coc:1    | Entered Level 1 of Cocytus
 85307 | Coc:1    | Noticed a dread lich
 85398 | Coc:1    | Killed a dread lich
 85689 | Coc:5    | Reached skill level 27 in Invocations
 85712 | Coc:7    | Entered Level 7 of Cocytus
 85714 | Coc:7    | Noticed a dread lich
 86164 | Coc:6    | Paralysed by a wendigo for 1 turns
 88947 | Coc:7    | Paralysed by a wendigo for 1 turns
 88960 | Coc:7    | Killed a dread lich
 88973 | Coc:7    | Noticed the Serpent of Hell
 88986 | Coc:7    | Killed the Serpent of Hell
 89003 | Coc:7    | Paralysed by a wendigo for 1 turns
 89008 | Coc:7    | Paralysed by a wendigo for 1 turns
 89021 | Coc:7    | Paralysed by a wendigo for 1 turns
 89036 | Coc:7    | Paralysed by a wendigo for 1 turns
 89066 | Coc:7    | Paralysed by a wendigo for 1 turns
 89075 | Coc:7    | Paralysed by a wendigo for 1 turns
 89327 | Coc:7    | Paralysed by a wendigo for 1 turns
 89359 | Coc:7    | Noticed Antaeus
 89390 | Coc:7    | Killed Antaeus
 89649 | Coc:7    | Identified the +0 plate armour "Lenuppaa" {Str+4 Dex+3}
 89683 | Coc:7    | Got an icy rune of Zot
 89688 | Coc:7    | Identified the +2 cloak "Orusy" {rPois rN+ Str-3 Stlth+}
 89858 | Geh:1    | Entered Level 1 of Gehenna
 90200 | Geh:4    | Noticed an ancient lich
 90207 | Geh:4    | Killed an ancient lich
 90711 | Geh:7    | Entered Level 7 of Gehenna
 90842 | Geh:7    | Identified the staff of Ravage {rF+ Int+2 Fire}
 91030 | Geh:7    | Found the +13 sceptre of Asmodeus
 91030 | Geh:7    | Noticed Asmodeus
 91041 | Geh:7    | Killed Asmodeus
 91042 | Geh:7    | Found the +7 lajatang of Order {silver, rMut}
 91052 | Geh:7    | Got an obsidian rune of Zot
 92083 | Tar:1    | Entered Level 1 of Tartarus
 92490 | Tar:2    | Found a huge runed translucent gate.
 92490 | Tar:2    | Found a huge runed translucent gate.
 92490 | Tar:2    | Found a huge runed translucent gate.
 92490 | Tar:2    | Found a huge runed translucent gate.
 92491 | Tar:2    | Found a huge runed translucent gate.
 92491 | Tar:2    | Found a huge runed translucent gate.
 92492 | Tar:2    | Found a huge runed translucent gate.
 92492 | Tar:2    | Found a huge runed translucent gate.
 92493 | Tar:2    | Found a huge runed translucent gate.
 92493 | Tar:2    | Found a huge runed translucent gate.
 92494 | Tar:2    | Found a huge runed translucent gate.
 92495 | Tar:2    | Found a huge runed translucent gate.
 92504 | Tar:2    | Found a huge runed translucent gate.
 92820 | Tar:2    | Found a huge runed translucent gate.
 92820 | Tar:2    | Found a huge runed translucent gate.
 92921 | Tar:3    | Noticed an ancient lich
 92930 | Tar:3    | Killed an ancient lich
 93402 | Tar:7    | Entered Level 7 of Tartarus
 93701 | Tar:7    | Identified the +4 quarterstaff of Niatz {vamp, +Blink rF-
                  | Will- Str+8}
 93860 | Tar:7    | Noticed Ereshkigal
 93886 | Tar:7    | Killed Ereshkigal
 93996 | Tar:7    | Got the Collected Works on the Transposed Crevasse
 93999 | Tar:7    | Identified the +5 ring mail "Waor" {Dex+2}
 94005 | Tar:7    | Got a bone rune of Zot
 94006 | Tar:7    | Identified the +5 falchion of Dried Tears {flame, *Slow
                  | rF++}
 94151 | Hell     | Upgraded the game from 0.31.0-9-g3a7656b989 to
                  | 0.31.0-10-gcf4a605ca0
 94680 | Tomb:2   | Noticed a royal mummy
 94694 | Tomb:2   | Noticed a royal mummy
 94697 | Tomb:2   | Reached skill level 27 in Fighting
 94715 | Tomb:2   | Paralysed by a Zot trap for 2 turns
 94727 | Tomb:2   | Killed a royal mummy
 94728 | Tomb:2   | Killed a royal mummy
 94747 | Tomb:2   | Noticed a royal mummy
 94753 | Tomb:2   | Killed a royal mummy
 94755 | Tomb:2   | Noticed a royal mummy
 94762 | Tomb:2   | Killed a royal mummy
 94998 | Tomb:1   | Noticed a royal mummy
 95007 | Tomb:1   | Killed a royal mummy
 95007 | Tomb:1   | Noticed a royal mummy
 95017 | Tomb:1   | Killed a royal mummy
 95018 | Tomb:1   | Noticed a royal mummy
 95029 | Tomb:1   | Killed a royal mummy
 95248 | Tomb:1   | Noticed a royal mummy
 95276 | Tomb:1   | Killed a royal mummy
 95277 | Tomb:1   | Noticed a royal mummy
 95281 | Tomb:1   | Killed a royal mummy
 95352 | Tomb:1   | Noticed a royal mummy
 95357 | Tomb:1   | Noticed a royal mummy
 95358 | Tomb:1   | Killed a royal mummy
 95366 | Tomb:1   | Killed a royal mummy
 95541 | Tomb:1   | Noticed a royal mummy
 95543 | Tomb:1   | Noticed a royal mummy
 95555 | Tomb:1   | Killed a royal mummy
 95556 | Tomb:1   | Killed a royal mummy
 95690 | Tomb:1   | Noticed a royal mummy
 95702 | Tomb:1   | Killed a royal mummy
 95704 | Tomb:1   | Noticed a royal mummy
 95715 | Tomb:1   | Killed a royal mummy
 95750 | Tomb:1   | Noticed a royal mummy
 95758 | Tomb:1   | Killed a royal mummy
 95778 | Tomb:1   | Noticed a royal mummy
 95784 | Tomb:1   | Noticed a royal mummy
 95787 | Tomb:1   | Killed a royal mummy
 95789 | Tomb:1   | Noticed a royal mummy
 95789 | Tomb:1   | Noticed a royal mummy
 95789 | Tomb:1   | Noticed a royal mummy
 95789 | Tomb:1   | Noticed a royal mummy
 95789 | Tomb:1   | Noticed a royal mummy
 95790 | Tomb:1   | Noticed a royal mummy
 95790 | Tomb:1   | Noticed a royal mummy
 95794 | Tomb:1   | Killed a royal mummy
 95794 | Tomb:1   | Killed a royal mummy
 95794 | Tomb:1   | Killed a royal mummy
 95794 | Tomb:1   | Killed a royal mummy
 95796 | Tomb:1   | Killed a royal mummy
 95796 | Tomb:1   | Gained mutation: You are partially covered in iridescent
                  | scales. (AC +2) [mutagenic glow]
 95797 | Tomb:1   | Killed a royal mummy
 95798 | Tomb:1   | Killed a royal mummy
 95808 | Tomb:1   | Killed a royal mummy
 95833 | Tomb:1   | Gained mutation: Armour fits poorly on your strangely
                  | shaped body. [mutagenic glow]
 96605 | Tomb:3   | Entered Level 3 of the Tomb of the Ancients
 96701 | Tomb:3   | Noticed a royal mummy
 96707 | Tomb:3   | Killed a royal mummy
 96724 | Tomb:3   | Noticed a royal mummy
 96733 | Tomb:3   | Killed a royal mummy
 96766 | Tomb:3   | Noticed a royal mummy
 96766 | Tomb:3   | Noticed a royal mummy
 96766 | Tomb:3   | Noticed a royal mummy
 96772 | Tomb:3   | Killed a royal mummy
 96773 | Tomb:3   | Killed a royal mummy
 96773 | Tomb:3   | Killed a royal mummy
 96779 | Tomb:3   | Noticed a royal mummy
 96797 | Tomb:3   | Killed a royal mummy
 96814 | Tomb:3   | Noticed a royal mummy
 96816 | Tomb:3   | Killed a royal mummy
 96864 | Tomb:3   | Noticed a royal mummy
 96867 | Tomb:3   | Killed a royal mummy
 97186 | Tomb:3   | Got the Collected Works on Silt and Blows
 97244 | Tomb:3   | Got Cist's Collected Works on Alteration
 97327 | Tomb:3   | Got a golden rune of Zot
 97448 | Tomb:3   | Identified the +6 dagger of Sunlight {pain, ^Fragile +Blink
                  | Str+2}
 97476 | Tomb:3   | Identified the +6 rapier "Hury" {venom, Dex+4}
 98378 | Zot:4    | Noticed an orb of fire
 98386 | Zot:4    | Gained mutation: You have a pair of small horns on your
                  | head. [an orb of fire]
 98391 | Zot:4    | Killed an orb of fire
 99179 | Zot:4    | Identified the ring "Jeax" {Ice Str+5}
100044 | Zot:4    | Lost mutation: You are clumsy. (Dex -2) [potion of
                  | mutation]
100044 | Zot:4    | Lost mutation: Armour fits poorly on your strangely shaped
                  | body. [potion of mutation]
100044 | Zot:4    | Lost mutation: You are partially covered in iridescent
                  | scales. (AC +2) [potion of mutation]
100044 | Zot:4    | Gained mutation: You expend magic power (3 MP) to
                  | strengthen your wands. [potion of mutation]
100044 | Zot:4    | Lost mutation: You are partially covered in large bone
                  | plates. (SH +4) [potion of mutation]
100044 | Zot:4    | Lost mutation: Your muscles are strong. (Str +4, Int/Dex
                  | -1) [potion of mutation]
100255 | Dis:1    | Entered Level 1 of the Iron City of Dis
100920 | Zot:5    | Entered Level 5 of the Realm of Zot
101361 | Zot:5    | Reached skill level 27 in Armour
101433 | Zot:5    | Identified the +8 arbalest "Hydrabane" {elec, rC+ Dex+4}
101443 | Zot:5    | Got the Spellbook of the Polar Wyrd
102796 | Dis:7    | Entered Level 7 of the Iron City of Dis
104649 | Dis:7    | Identified the +2 buckler of Pan-Flutes {Int-2 Dex+3}
104652 | Dis:7    | Identified the +6 hand axe "Wuasubli" {heavy, rN+}
104833 | Dis:7    | Identified the staff of Corruption {rElec Str-5 Fire Ice
                  | Air Earth}
104868 | Dis:7    | Identified the +4 rapier of Death {heavy, Dex+3}
105354 | Dis:7    | Identified the +2 short sword "Lanue" {flame, rC+ Dex+2}
105360 | Dis:7    | Noticed Dispater
105373 | Dis:7    | Reached skill level 27 in Dodging
105390 | Dis:7    | Killed Dispater
105416 | Dis:7    | Got an iron rune of Zot
106050 | Zot:5    | Noticed an orb of fire
106060 | Zot:5    | Killed an orb of fire
106089 | Zot:5    | Reached skill level 15 in Polearms
106186 | Zot:5    | Noticed an ancient lich
106204 | Zot:5    | Killed an ancient lich
106209 | Zot:5    | Noticed an orb of fire
106217 | Zot:5    | Gained mutation: Your health recovers twice as slowly from
                  | being drained. [an orb of fire]
106218 | Zot:5    | Killed an orb of fire
107174 | Zot:5    | Identified the +1 helmet "Peop" {rN+}
107749 | Zot:5    | Got the Orb of Zot
108291 | D:$      | Escaped with the Orb!

Illustrated notes

Levels and vault maps discovered:
D:1:      lightli_arrival_boilingwater, layout_loops_corners, minmay_tromino_i4
D:2:      layout_basic, basic_ecumenical_altar, basic_altar
D:3:      layout_loops_ring, ebering_ghost_disaster_area,
          mainiacjoe_sewer_entry_somewhere_in_here_1, uniq_ijyb, uniq_robin
D:4:      layout_basic, temple_statues, serial_shops, nicolae_stop_n_shop_2
D:5:      layout_rooms, serial_demonic, serial_demonic_e, serial_demonic_a,
          serial_demonic_e, serial_demonic_d, uniq_blork_the_orc, uniq_duvessa,
          uniq_pikel, uniq_edmund
D:6:      layout_cave_pools, serial_glass, glass_columns_c, glass_columns_b
D:7:      dreamdust_elfheim, layout_loops_ring,
          grunt_temple_overflow_lords_of_destruction, minmay_misc_feat_doors,
          grunt_decor_arrowhead, st_stairs_14, chequers_serial_rivers_small_3,
          serial_park_tiny_pond, grunt_ministairs_6, uniq_maggie,
          uniq_prince_ribbit1
D:8:      layout_basic, jmf_multi_god_temple, marbit_many_paths,
          kennysheep_mini_moat, mainiacjoe_overflow_large_starburst
D:9:      layout_roguey, lair_entry_dummy, minmay_sticks_and_stones
D:10:     hangedman_cross_cluster, layout_loops_cross, serial_shops, shop, shop,
          nicolae_shop_bloodbath_and_beyond, nicolae_shop_real_fake_doors
D:11:     layout_cave_pools, erik_orc_4, minmay_beelzebubs_servants, uniq_grum
D:12:     layout_loops_ring, uniq_psyche
D:13:     layout_irregular_city, hellmonk_vaults_keyhole, uniq_erolcha
D:14:     layout_stronghold, nicolae_cairo_tiling_large_dashed,
          nicolae_trove_entry_columns, hangedman_glass_teeth,
          nicolae_two_hexagons, uniq_agnes, uniq_nessos
D:15:     grunt_enter_depths_magical_seal, layout_layer_cave,
          hangedman_ru_absence, minmay_misc_feat_tiny, led_xom_imps,
          uniq_jorgrun
Temple:   minmay_temple_curvy_branch
Lair:1:   layout_chaotic_city, chequers_serial_rivers_micro_d
Lair:2:   layout_chaotic_city, dummy_snake_entry, uniq_urug
Lair:3:   layout_hall_layers, shoals_dummy_entry, portal_ice_cave_entry_imps,
          hellmonk_ghost_happy_afterlife, serial_bayou_shore_a
Lair:4:   layout_concentric_octagons, serial_bayou_crossing
Lair:5:   minmay_lair_end_frog_pond, layout_gridlike,
          minmay_slime_entry_oklob_enclosed, chequers_serial_rivers_large_b
Shoals:1: layout_shoals, ebering_ghost_xom, yaktaur_hedge
Shoals:2: layout_shoals, ldierk_geyser, nicolae_shoals_elemental_ambush
Shoals:3: layout_shoals, nicolae_shoals_seven_spires,
          nicolae_shoals_dead_sea_scrolls, uniq_polyphemus
Shoals:4: shoals_end_hellmonk_storm_palace [storm_palace_center_circular,
          storm_palace_corner_pillars, storm_palace_corner_reverse_hut,
          storm_palace_corner_grid, storm_palace_corner_blocked]
Snake:1:  kennysheep_six_static_rooms, layout_layer_cave, minmay_shop_grove
Snake:2:  layout_chambers, guppyfry_snake_island, lemuel_fruit_tree
Snake:3:  layout_chambers, ebering_ghost_rock_garden, serial_shops,
          bzr_firewalk, grunt_megastairs_3
Snake:4:  grunt_snake_rune_serpentine_throne, layout_misc_corridors,
          gammafunk_ghost_berserking_beasts
Slime:1:  layout_caves
Slime:2:  layout_caves
Slime:3:  layout_caves, cheibrodos_slime_lost_civilization_6
Slime:4:  layout_caves
Slime:5:  slime_pit_nicolae_royal_road_to_ruin
Orc:1:    layout_caves, mines2_david
Orc:2:    grunt_orc_cross, layout_caves, gammafunk_ghost_smash, mines1_david,
          uniq_donald, uniq_sonja, uniq_maurice
Elf:1:    nicolae_elf_arrival_no_cutting_in_line, layout_rooms, minivault_28,
          kilobyte_rumbling_trees
Elf:2:    nicolae_elf_blades_splatter_lattice
          [nicolae_blade_entry_sentries_behind_glass], layout_loops_cross,
          serial_shops, shop, uniq_azrael, uniq_nikola
Elf:3:    nooodl_elf_gasket, layout_geoelf_octagon, serial_shops,
          nicolae_shop_crystal, uniq_louise
Vaults:1: ontoclasm_vaults_spin, ontoclasm_vaults_hangar, v_alt_pattern_1,
          vaults_dpeg_emergency_exit, hangedman_vaults_trim,
          nicolae_vaults_diamond_2, nicolae_vaults_trapezoid_lopsided_1,
          grunt_vaults_focal, nicolae_vaults_mitosis, nicolae_vaults_house_1,
          nicolae_vaults_shipping_containers_5, nicolae_vaults_two_Ls,
          layout_vaults_omnicross, uniq_aizul, uniq_boris, uniq_saint_roka
Vaults:2: v_rooms_4, hangedman_vaults_capsules, minmay_crypt_entry_vampire_xt,
          v_pattern_5, nicolae_vaults_six-pack,
          nicolae_vaults_heart-shaped_vault, v_misc_10,
          vaults_dpeg_encased_lava, nicolae_vaults_trapezoid_3,
          nicolae_vaults_tetromino_T_1, nicolae_vaults_enemy_cabinets,
          layout_vaults_omnigrid
Vaults:3: portal_desolation_entry_twin_temple, v_misc_5, v_misc_17,
          nicolae_vaults_network_s, nicolae_vaults_storage_closets_2,
          vaults_room_semicircle, nicolae_vaults_statue_guard,
          nicolae_vaults_storage_room_glass, nicolae_vaults_tetromino_L_2,
          layout_vaults_chaotic_city
Vaults:4: vaults_room_door_ring, nicolae_vaults_octothorpe,
          nicolae_vaults_specimen_jars, nicolae_vaults_closet_pinwheel_4,
          v_rooms_6, nicolae_vaults_corpse_flower, nicolae_vaults_tetromino_T_1,
          nicolae_vaults_six-pack, nicolae_vaults_triangles,
          nicolae_vaults_six-pack, v_rooms_2, v_misc_23, layout_vaults_maze
Vaults:5: serial_shops
Crypt:1:  layout_chaotic_city, grunt_crypt_arrival_split
Crypt:2:  layout_chaotic_city, uniq_frederick
Crypt:3:  cryptofortress_bobbens
Tomb:1
Tomb:2
Tomb:3
Depths:1: layout_basic, enter_ziggurat_d, minmay_misc_feat_rows,
          hangedman_geh_valley, nemelex_lonely_heart_becter,
          serial_bayou_shore_b, uniq_asterion
Depths:2: grunt_deathspiral_small, layout_basic, hell_entry,
          rand_demon_pan_entry_4, chequers_hall_statues_y, abyss_entry
Depths:3: minmay_quarter_circles, layout_basic, kennysheep_big_empty_room,
          abyss_entry, serial_shops, shop, hell_entry,
          chequers_serial_rivers_micro_a
Depths:4: evilmike_zot_entry_round, layout_cave_pools, pf_hell_entry_tar_spiral,
          item_on_display_a
Hell
Dis:1:    layout_overlapping_boxes
Dis:2:    layout_jigsaw, hangedman_dis_decor_tower
Dis:3:    layout_overlapping_boxes, nicolae_dis_metal_lava_thing
Dis:4:    layout_jigsaw
Dis:5:    layout_subdivisions
Dis:6:    layout_subdivisions
Dis:7:    iron_city_of_dis [dis_grunt, dis_wall_1], layout_gridville
Geh:1:    layout_gehenna_pools_basic
Geh:2:    layout_gehenna_lava_caves
Geh:3:    layout_gehenna_pools_triple, tekkud_geh_sculpture_garden
Geh:4:    layout_gehenna_pools_triple
Geh:5:    layout_gehenna_lava_caves
Geh:6:    nicolae_geh_i_lava_good_maze [nicolae_geh_lavamaze_orthhalf_recurse,
          nicolae_geh_lavamaze_orthhalf_recurse]
Geh:7:    geh_grunt
Coc:1:    layout_cocytus_delve, nicolae_hells_seeping_fissure
Coc:2:    layout_cocytus_water_paths
Coc:3:    layout_cocytus_delve, nicolae_hells_seeping_fissure
Coc:4:    layout_ice_bergs
Coc:5:    layout_cocytus_delve, nicolae_hells_hurtin_island
Coc:6:    layout_cocytus_water_paths
Coc:7:    coc_grunt_cove [coc_grunt_cove_antaeus, coc_grunt_cove_fiend,
          coc_grunt_cove_fiend, coc_grunt_cove_fiend, coc_grunt_cove_fiend]
Tar:1:    layout_catacombs, nicolae_tar_four_comb_rooms
Tar:2:    layout_grid_maze, door_vault
Tar:3:    layout_cathedral_of_symmetry, nicolae_tar_cuneiform_water
Tar:4:    hangedman_tartarus_temple_path, layout_cathedral_of_symmetry,
          nicolae_tar_grid_combs
Tar:5:    layout_grid_maze
Tar:6:    layout_honeycomb, nicolae_tar_cuneiform_city,
          nicolae_hells_seeping_fissure
Tar:7:    tar_minmay_river
Zot:1:    layout_cathedral_of_symmetry, uniq_josephina
Zot:2:    layout_misc_corridors, hangedman_zot_wheel_spokes, uniq_tiamat
Zot:3:    lemuel_acid_trip, layout_concentric_octagons, grunt_ministairs_8,
          regret_index_zotdec_ex, skrybe_zot_glass_1
Zot:4:    lemuel_halls_of_wrath, layout_twisted_circle, lemuel_elevator,
          regret_index_zotdec_banners
Zot:5:    layout_misc_corridors

Skill      XL: |  1  2  3  4  5  6  7  8  9 10 11 12 13 14 15 16 17 18 19 20 21 22 23 24 25 26 27 |
---------------+----------------------------------------------------------------------------------+-----
Polearms       | 3 4 5 7 9 10 11 12 13 14 16 | 16.4
Throwing       | 2 5 7 9 11 12 13 16 | 16.0
Armour         | 3 5 7 8 10 13 14 17 18 27 | 27.0
Evocations     | 2 4 6 8 9 10 11 14 15 16 18 19 20 | 20.4
Dodging        | 4 6 10 12 14 15 18 27 | 27.0
Fighting       | 6 7 9 10 12 14 17 19 27 | 27.0
Shields        | 4 7 9 10 15 19 20 21 | 21.0
Invocations    | 2 11 18 21 27 | 27.0
Translocations | 12 | 12.8
Spellcasting   | 10 | 10.0

Action                     |  1- 3 |  4- 6 |  7- 9 | 10-12 | 13-15 | 16-18 | 19-21 | 22-24 | 25-27 || total
---------------------------+-------+-------+-------+-------+-------+-------+-------+-------+-------++-------
  Melee: Spear             |   115 |   148 |       |       |       |       |       |       |       ||   263
         Punch             |     1 |     2 |     8 |    10 |       |       |       |       |       ||    21
         Trident           |       |    86 |   477 |  1242 |   122 |       |       |       |       ||  1927
         Demon trident     |       |       |       |       |  1310 |  1915 |  2024 |  1224 |       ||  6473
         Broad axe         |       |       |       |       |       |       |       |   322 |    77 ||   399
         Trishula          |       |       |       |       |       |       |       |   665 |  7030 ||  7695
         Headbutt          |       |       |       |       |       |       |       |       |   701 ||   701
  Throw: Boomerang         |       |       |       |    26 |   112 |    63 |    25 |    32 |   581 ||   839
         Javelin           |       |       |       |     4 |    12 |       |    10 |    34 |    84 ||   144
         Throwing net      |       |       |       |       |       |       |       |       |     5 ||     5
   Cast: Apportation       |       |       |       |       |       |       |       |       |    14 ||    14
         Blink             |       |       |       |       |       |       |       |       |     1 ||     1
 Invoke: Berserk           |       |     5 |    16 |    23 |     4 |     2 |       |       |       ||    50
         Trog's Hand       |       |       |       |     4 |     4 |     6 |    23 |       |       ||    37
         Brothers in Arms  |       |       |       |       |     9 |     3 |     6 |     2 |       ||    20
         Divine Shield     |       |       |       |       |       |       |       |     4 |     7 ||    11
         Cleansing Flame   |       |       |       |       |       |       |       |     2 |   255 ||   257
         Summon Divine War |       |       |       |       |       |       |       |     2 |    52 ||    54
         Brand Weapon With |       |       |       |       |       |       |       |     1 |       ||     1
Ability: Evoke Blink       |       |       |       |       |       |       |       |     2 |     3 ||     5
  Evoke: Wand              |       |       |     1 |    11 |    10 |     3 |    22 |    12 |    49 ||   108
         Phial of floods   |       |       |       |       |       |       |     1 |       |       ||     1
         Condenser vane    |       |       |       |       |       |       |     2 |     1 |     1 ||     4
         Sack of spiders   |       |       |       |       |       |       |       |     1 |     2 ||     3
         Lightning rod     |       |       |       |       |       |       |       |       |     8 ||     8
    Use: Scroll            |       |       |    17 |     8 |    15 |     2 |    17 |    18 |    53 ||   130
         Potion            |       |       |     2 |     2 |     1 |       |    11 |       |    30 ||    46
   Stab: Distracted        |       |       |       |       |     1 |     2 |     3 |     1 |       ||     7
         Petrified         |       |       |       |       |       |     3 |       |       |       ||     3
         Invisible         |       |       |       |       |       |       |     9 |     2 |       ||    11
 Armour: Animal skin       |     7 |       |       |       |       |       |       |       |       ||     7
         Scale mail        |    49 |   111 |       |       |       |       |       |       |       ||   160
         Chain mail        |       |    25 |   453 |   916 |   810 |   901 |   808 |   226 |       ||  4139
         Gold dragon scale |       |       |       |       |       |       |       |   640 |  3560 ||  4200
  Dodge: Dodged            |    52 |    84 |   211 |   386 |   326 |   404 |   493 |   694 |  2041 ||  4691
  Block: Kite shield       |       |       |       |    91 |   569 |   395 |       |       |       ||  1055
         Tower shield      |       |       |       |       |       |   619 |  1387 |  1799 |  6885 || 10690
